 Dungeon Crawl Stone Soup version 0.31-a0-799-g6bc09d010c (webtiles) character file.

Game seed: 17142187308800496543

11978 Ijustatesigmund the Thaumaturge (level 11, -1/62 HPs)
             Began as a Deep Elf Fire Elementalist on Sept 19, 2023.
             Was a Believer of Vehumet.
             Hit by a large rock thrown by a cyclops (10 damage)
             ... on level 13 of the Dungeon.
             The game lasted 00:32:01 (15450 turns).

Ijustatesigmund the Thaumaturge (DEFE)             Turns: 15450, Time: 00:32:02

Health: -1/62      AC:  8    Str:  5    XL:     11   Next: 56%
Magic:  14/28      EV: 12    Int: 25    God:    Vehumet [**....]
Gold:   954        SH: 12    Dex: 15    Spells: 20/33 levels left

rFire   + . .        w - +7 dagger of Rikuj Mol {vamp, Fragile rC+ SInv Stlth+}
rCold   + . .        m - +2 buckler {rN+}
rNeg    + + .        g - +0 robe {rN+}
rPois   .            d - +1 helmet
rElec   .            J - +2 cloak
rCorr   .            (no gloves)
SInv    +            p - +0 pair of boots
Will    ++...        e - amulet of reflection
Stlth   +++          n - ring of protection from fire
HPRegen 0.30/turn    E - ring of willpower
MPRegen 0.21/turn

%: reflection
@: no status effects
A: no striking features
a: Renounce Religion


You were on level 13 of the Dungeon.
You worshipped Vehumet.
Vehumet was pleased with you.
You visited 2 branches of the dungeon, and saw 14 of its levels.
You also visited: Sewer.

You collected 1784 gold pieces.
You spent 830 gold pieces at shops.

Inventory:

Hand Weapons
 c - a +4 short sword
 o - the +3 dagger "Epucits" {freeze, Str+4}
   (You found it on level 3 of the Dungeon)

   Str+4:     It affects your strength (+4).
 w - the +7 dagger of Rikuj Mol (weapon) {vamp, Fragile rC+ SInv Stlth+}
   (You bought it in a shop on level 5 of the Dungeon)

   rC+:       It protects you from cold.
   SInv:      It lets you see invisible.
   Fragile:   It will be destroyed if unequipped.
   Stlth+:    It makes you more stealthy.
Armour
 d - a +1 helmet (worn)
 g - a +0 robe of positive energy (worn)
 m - a +2 buckler of positive energy (worn)
 p - a +0 pair of boots (worn)
 J - a +2 cloak (worn)
Jewellery
 e - an amulet of reflection (around neck)
 n - a ring of protection from fire (left hand)
 E - a ring of willpower (right hand)
 H - a +4 ring of protection
Talismans
 a - a dragon-blood talisman
Wands
 f - a wand of flame (20)
 y - a wand of polymorph (15)
 C - a wand of charming (12)
Scrolls
 k - a scroll of poison
 s - 4 scrolls of teleportation
 u - 2 scrolls of fog
 v - 2 scrolls of enchant weapon
 A - a scroll of fear {unknown}
 B - 2 scrolls of immolation
 D - a scroll of amnesia
 F - 2 scrolls of revelation {unknown}
 I - a scroll of enchant armour {unknown}
 K - a scroll of brand weapon {unknown}
 L - 2 scrolls of identify
Potions
 b - a potion of magic
 h - 5 potions of heal wounds
 i - 5 potions of lignification
 j - 8 potions of curing
 l - a potion of ambrosia
 q - 2 potions of resistance
 r - 2 potions of haste
 t - 4 potions of enlightenment
 x - 3 potions of might
 z - a potion of invisibility {unknown}
 G - a potion of attraction {unknown}


   Skills:
 - Level 4.4 Fighting
 - Level 3.0 Short Blades
 - Level 3.9 Dodging
 - Level 2.4 Stealth
 - Level 3.4 Shields
 + Level 11.9 Spellcasting
 - Level 9.5 Conjurations
 + Level 2.2 Transmutations
 - Level 10.0 Fire Magic
 + Level 2.0 Air Magic
 + Level 2.2 Poison Magic
 - Level 6.5 Evocations


You had 20 spell levels left.
You knew the following spells:

 Your Spells              Type           Power      Damage    Failure   Level
a - Foxfire               Conj/Fire      100%       2x1d9     1%          1
b - Scorch                Fire           100%       2d9       1%          2
c - Flame Wave            Conj/Fire      59%        2d14      1%          4
d - Mephitic Cloud        Conj/Pois/Air  37%        N/A       3%          3
e - Ignite Poison         Fire/Tmut/Pois 39%        N/A       3%          3

Your spell library contained the following spells:

 Spells                   Type           Power      Damage    Failure   Level
 Shock                    Conj/Air       100%       1d9       1%          1
 Inner Flame              Hex/Fire       39%        N/A       2%          3
 Volatile Blastmotes      Fire/Tloc      78%        2d16      2%          3
 Hailstorm                Conj/Ice       38%        3d9       3%          3
 Poisonous Vapours        Pois/Air       50%        N/A       4%          2
 Freeze                   Ice            56%        1d7       7%          1
 Slow                     Hex            56%        N/A       7%          1
 Passwall                 Tmut/Erth      16%        N/A       7%          2
 Swiftness                Air            25%        N/A       9%          3
 Ensorcelled Hibernation  Hex/Ice        28%        N/A       11%         2
 Call Canine Familiar     Summ           14%        N/A       22%         3
 Confusing Touch          Hex            14%        N/A       22%         3
 Frozen Ramparts          Ice            28%        1d5       22%         3
 Sigil of Binding         Hex            14%        N/A       22%         3
 Vampiric Draining        Necr           14%        2d7       22%         3
 Airstrike                Air            12%        2d(2-18)  30%         4
 Freezing Cloud           Conj/Ice/Air   17%        6-21      36%         5
 Dimensional Bullseye     Hex/Tloc       7%         N/A       56%         4
 Leda's Liquefaction      Hex/Erth       7%         N/A       56%         4
 Yara's Violent Unravell  Hex/Tmut       10%        3d6       77%         5
 Enfeeble                 Hex            7%         N/A       100%        7


Dungeon Overview and Level Annotations

Branches:
Dungeon (13/15)            Temple (1/1) D:4            Lair (0/5) D:9
    Orc (0/2) D:9           Sewer (visited)
 Vaults: D:13-14

Altars:
Ashenzari
Cheibriados
Dithmenos
Elyvilon
Fedhas
Gozag
Hepliaklqana
Kikubaaqudgha
Makhleb
Nemelex Xobeh
Okawaru
Qazlal
Ru
Sif Muna
Trog
Uskayaw
Vehumet
Wu Jian
Xom
Yredelemnul
Zin
The Shining One

Shops:
D:5 !=[*=   D:11 :   D:12 :

Annotations:
D:7 2 transporters, dittoslash's ghost, novice HOFi


Message History

Casting: Foxfire (safe; 1% risk of failure)
Confirm with . or Enter, or press ? or * to list all spells.
Aiming: Mephitic Cloud (dangerous; 3% risk of failure)
Press: ? - help, Shift-Dir - straight line, f/p - centaur warrior
Aim: a centaur warrior, wielding a +0 orcbow (moderately wounded, confused, chance to affect: 53%)
The ball explodes into a vile cloud!
The stinking cloud engulfs the centaur warrior but does no damage.
The centaur warrior is moderately wounded.
The centaur warrior is engulfed in noxious fumes. x2
The centaur warrior asks, "Who are you?"
Casting: Mephitic Cloud (dangerous; 3% risk of failure)
Confirm with . or Enter, or press ? or * to list all spells.
Flames lash the centaur warrior.
The centaur warrior is heavily wounded.
The centaur warrior's fire resistance burns away.
The centaur warrior suddenly looks very angry at the Dungeon.
The centaur warrior unwields a +0 orcbow.
You block the centaur warrior's attack. The centaur warrior closely misses you.
Casting: Scorch (safe; 1% risk of failure)
Confirm with . or Enter, or press ? or * to list all spells.
Flames lash the centaur warrior.
The centaur warrior is burned terribly!
The centaur warrior is heavily wounded.
The cyclops throws a large rock.
You block the large rock with an invisible shield... and reflect it back!
The large rock hits the cyclops!
The centaur warrior seems less confused.
The centaur warrior wields a +0 orcbow.
The centaur warrior shoots an arrow.
The arrow hits you!
Casting: Scorch (safe; 1% risk of failure)
Confirm with . or Enter, or press ? or * to list all spells.
Casting: Flame Wave (dangerous; 1% risk of failure)
Press: ? - help, Dir - look around, f - activate A wave of flame ripples out! (Press . to intensify the flame waves.)
The centaur warrior shoots an arrow.
The arrow hits you!!
* * * LOW HITPOINT WARNING * * *
The centaur warrior shoots an arrow.
The arrow hits you!
* * * LOW HITPOINT WARNING * * *
The cyclops throws a large rock.
The large rock hits you!
You die...

#.# #.# .#### #.# #.#
#.... #.# #.# ##....
#####.#####.# .#.....
#.).........# ....C..
#...........#
...○...##......[....#.#
.......#............#.#
#...c.@....#'#####.#.#
#.....#....#.# #.#.#
#.....####.#.# #.#.#
#..... #.#.# #.#.#
####.. #.#.# #.#.## ...
#.#.# #..... ####
..#.#######.##
...............
.....######.#.


You could see a centaur warrior (combustible) and a cyclops.

Vanquished Creatures
  A centaur warrior (D:11)
  4 two-headed ogres
  A boulder beetle (D:8)
  A kobold demonologist (D:12)
  2 trolls
  3 shadows
  9 yaks (D:10)
  A wraith (D:10)
  A wyvern (D:10)
  A water moccasin (D:7)
  Edmund (D:6)
  An acid dragon (D:9)
  2 orc warriors
  4 ice beasts
  12 centaurs
  2 ogres
  A phantom (D:5)
  2 kobold brigands
  Blork the orc (D:5)
  3 bullfrogs
  5 scorpions
  A gnoll sergeant (D:6)
  17 wights
  13 killer bees
  6 howler monkeys
  The ghost of Heedrag the Insei, a weakling DsSh (D:4)
  5 hounds
  A gnoll bouda (D:5)
  2 jellies (D:4)
  4 orc priests
  7 iguanas
  Jessica (D:2)
  A sleepcap (D:6)
  Natasha (thrice) (D:3)
  5 orc wizards
  9 gnolls
  Robin (D:3)
  A river rat (D:4)
  15 adders
  A worm (D:4)
  2 dart slugs
  46 orcs
  7 bats
  9 endoplasms
  7 giant cockroaches
  16 goblins
  11 hobgoblins
  3 jackals (D:4)
  18 kobolds
  6 quokkas
  20 ball pythons
  6 frilled lizards
  10 rats
313 creatures vanquished.

Vanquished Creatures (others)
  2 kobolds
  676 foxfires
678 creatures vanquished.

Grand Total: 991 creatures vanquished

Notes
Turn   | Place    | Note
-------+----------+-------------------------------------------
     0 | D:1      | Ijustatesigmund the Deep Elf Fire Elementalist began the
                  | quest for the Orb.
     0 | D:1      | Reached XP level 1. HP: 10/10 MP: 6/6
   230 | D:1      | Reached XP level 2. HP: 16/16 MP: 5/8
   296 | D:1      | Learned a level 2 spell: Scorch
   739 | D:1      | Found a faded altar of an unknown god.
  1127 | D:2      | Reached XP level 3. HP: 20/20 MP: 7/10
  1205 | D:2      | Reached skill level 1 in Fighting
  1249 | D:2      | Noticed Jessica
  1256 | D:2      | Killed Jessica
  1257 | D:2      | Reached XP level 4. HP: 10/25 MP: 0/11
  1976 | D:3      | Identified the +3 dagger "Epucits" {freeze, Str+4}
  2020 | D:3      | Noticed Natasha
  2029 | D:3      | Killed Natasha
  2030 | D:3      | Reached skill level 4 in Spellcasting
  2031 | D:3      | Noticed Natasha
  2037 | D:3      | Killed Natasha
  2285 | D:3      | Reached XP level 5. HP: 30/30 MP: 11/13
  2303 | D:3      | Noticed Robin
  2530 | D:3      | Killed Robin
  2794 | D:3      | Noticed Natasha
  2801 | D:3      | Killed Natasha
  3059 | D:3      | Reached XP level 6. HP: 31/35 MP: 12/15
  3066 | D:3      | Learned a level 4 spell: Flame Wave
  3268 | D:4      | Reached skill level 5 in Spellcasting
  3427 | D:4      | Found a staircase to the Ecumenical Temple.
  3445 | D:4      | Found a runed translucent door.
  3449 | D:4      | Noticed Heedrag's ghost (weakling DsSh)
  3473 | D:4      | Reached skill level 5 in Fire Magic
  3492 | D:4      | Killed Heedrag's ghost
  3721 | D:4      | Found a glowing drain.
  3727 | Sewer    | Entered a sewer
  3802 | Sewer    | Reached XP level 7. HP: 40/40 MP: 14/17
  4223 | Sewer    | Reached skill level 6 in Spellcasting
  4730 | D:4      | Found a blossoming altar of Fedhas.
  5101 | D:5      | Entered Level 5 of the Dungeon
  5140 | D:5      | Found Iwoogi's Assorted Antiques.
  5191 | D:5      | Bought an encrusted dagger for 126 gold pieces
  5191 | D:5      | Identified the +7 dagger of Rikuj Mol {vamp, Fragile rC+
                  | SInv Stlth+} (You bought it in a shop on level 5 of the
                  | Dungeon)
  5191 | D:5      | Bought a bubbling inky potion for 16 gold pieces
  5191 | D:5      | Bought a fizzy black potion for 16 gold pieces
  5191 | D:5      | Bought a glowing gold wand for 72 gold pieces
  5191 | D:5      | Bought a scroll labelled ILYNIS DEQEO for 18 gold pieces
  5191 | D:5      | Bought a fizzy black potion for 16 gold pieces
  5197 | D:5      | Identified a scroll of acquirement
  5197 | D:5      | Acquired 999 gold pieces
  5228 | D:5      | Reached skill level 1 in Shields
  5322 | D:5      | Found a hide-covered altar of Uskayaw.
  5324 | D:5      | Found a hazy altar of Hepliaklqana.
  5336 | D:5      | Reached skill level 5 in Conjurations
  5380 | D:5      | Found a sparkling altar of Nemelex Xobeh.
  5383 | D:5      | Found a white marble altar of Elyvilon.
  5437 | D:5      | Reached XP level 8. HP: 44/44 MP: 13/20
  5498 | D:5      | Found Feets's Jewellery Shoppe.
  5515 | D:5      | Bought an amulet of reflection for 330 gold pieces
  5556 | D:5      | Found Feikit's Antique Armour Emporium.
  5560 | D:5      | Bought a runed robe for 96 gold pieces
  5582 | D:5      | Found Gosocouh's Jewellery Emporium.
  5622 | D:5      | Found Engaomas's Distillery.
  5631 | D:5      | Bought a potion of heal wounds for 70 gold pieces
  5631 | D:5      | Bought a potion of heal wounds for 70 gold pieces
  5717 | D:5      | Reached skill level 7 in Spellcasting
  5921 | D:5      | Noticed Blork the orc
  6028 | D:6      | Noticed Edmund
  6064 | D:5      | Killed Blork the orc
  6065 | D:5      | Reached skill level 8 in Spellcasting
  6772 | D:6      | Found a bloodstained altar of Trog.
  6796 | D:6      | Reached XP level 9. HP: 48/48 MP: 14/23
  6904 | D:6      | Killed Edmund
  7810 | D:7      | Reached skill level 1 in Evocations
  7874 | Temple   | Entered the Ecumenical Temple
  7882 | Temple   | Became a worshipper of Vehumet
  8250 | D:7      | Found a transporter.
  8255 | D:7      | Noticed dittoslash's ghost (novice HOFi)
  8439 | D:7      | Found a transporter.
  8777 | D:7      | Reached skill level 9 in Spellcasting
  8893 | D:8      | Reached skill level 1 in Short Blades
  9090 | D:8      | Noticed a boulder beetle
  9103 | D:8      | Killed a boulder beetle
  9336 | D:8      | Reached XP level 10. HP: 53/53 MP: 16/25
  9679 | D:8      | Reached * piety under Vehumet
  9679 | D:8      | Offered knowledge of Sandblast by Vehumet.
 10125 | D:9      | Noticed a two-headed ogre
 10138 | D:9      | Killed a two-headed ogre
 10139 | D:9      | Reached skill level 10 in Spellcasting
 10546 | D:9      | Found a staircase to the Orcish Mines.
 10597 | D:9      | Reached ** piety under Vehumet
 10597 | D:9      | Offered knowledge of Freeze by Vehumet.
 10929 | D:9      | Found a staircase to the Lair.
 10986 | D:9      | Noticed a two-headed ogre
 10997 | D:9      | Killed a two-headed ogre
 10998 | D:9      | Reached skill level 5 in Evocations
 11622 | D:10     | Entered Level 10 of the Dungeon
 11710 | D:10     | Reached skill level 11 in Spellcasting
 11713 | D:10     | Reached XP level 11. HP: 59/60 MP: 15/28
 13067 | D:11     | Found Mycapt's Self-Improvement Boutique.
 13102 | D:11     | Offered knowledge of Ignite Poison by Vehumet.
 13425 | D:11     | Noticed a centaur warrior
 13434 | D:11     | Killed a centaur warrior
 13793 | D:12     | Reached skill level 10 in Fire Magic
 13807 | D:12     | Found Iseclar's Book Boutique.
 13940 | D:12     | Learned a level 3 spell: Mephitic Cloud
 13944 | D:12     | Learned a level 3 spell: Ignite Poison
 14125 | D:12     | Noticed a two-headed ogre
 14135 | D:12     | Killed a two-headed ogre
 14136 | D:12     | Reached skill level 1 in Transmutations
 14136 | D:12     | Reached skill level 1 in Air Magic
 14136 | D:12     | Reached skill level 1 in Poison Magic
 15198 | D:13     | Noticed a two-headed ogre
 15208 | D:13     | Killed a two-headed ogre
 15434 | D:13     | Noticed a centaur warrior
 15450 | D:13     | Hit by a large rock thrown by a cyclops

Illustrated notes

Levels and vault maps discovered:
D:1:      lemuel_arrival_funnel, layout_rooms,
          shapermc_ecumenical_altar_mp_highgroup
D:2:      layout_basic, hex_medium, uniq_jessica
D:3:      layout_rooms, roderic_lattice_a, uniq_robin, uniq_natasha
D:4:      layout_rooms, mainiacjoe_overflow_boulevard,
          minmay_temple_entry_large_hall, gup_sewer_entry_bubbles,
          ebering_ghost_sewer_d, kennysheep_big_empty_room,
          minmay_goblin_kobold_house
D:5:      layout_loops_ring, nicolae_overflow_macrodata_refinement,
          serial_shops, nicolae_shop_hallway_stairs, shop_coins, shop, shop,
          shop, grunt_decor_arrowhead, kennysheep_cross_bottleneck, hex_large,
          uniq_blork_the_orc
D:6:      layout_loops_ring, mainiacjoe_overflow_small_starburst, uniq_edmund
D:7:      layout_basic, gammafunk_ghost_stat_death
D:8:      layout_basic
D:9:      layout_irregular_city, lair_entry_dummy, hiddenorc1_lemuel
D:10:     layout_gridville, kennysheep_decorative_pillar,
          minmay_misc_feat_rugged, minmay_misc_feat_x
D:11:     layout_loops_ring, nicolae_shop_self_help
D:12:     layout_layer_cave, serial_shops, nicolae_book_shop_shelving
D:13:     layout_basic, david_vaults_4
Temple:   nicolae_temple_x_marks_the_god

Skill      XL: |  1  2  3  4  5  6  7  8  9 10 11 |
---------------+----------------------------------+-----
Fighting       | 1 2 3 4 |  4.4
Conjurations   | 2 3 4 5 6 7 9 |  9.5
Fire Magic     | 4 5 6 7 8 9 10 | 10.0
Spellcasting   | 4 5 6 8 9 11 | 11.9
Dodging        | 3 |  3.9
Shields        | 1 3 |  3.4
Evocations     | 3 5 6 |  6.5
Short Blades   | 2 3 |  3.0
Transmutations | 2 |  2.2
Air Magic      | 2 |  2.0
Poison Magic   | 2 |  2.2
Stealth        | |  2.4

Action                     |  1- 3 |  4- 6 |  7- 9 | 10-12 || total
---------------------------+-------+-------+-------+-------++-------
  Melee: Dagger            |       |    17 |    11 |    15 ||    43
         Punch             |       |     1 |       |       ||     1
   Cast: Foxfire           |    64 |    91 |   129 |   111 ||   395
         Scorch            |     6 |    21 |    59 |    56 ||   142
         Flame Wave        |       |       |    15 |    22 ||    37
         Mephitic Cloud    |       |       |       |     3 ||     3
         Ignite Poison     |       |       |       |     1 ||     1
  Evoke: Wand              |       |       |     4 |       ||     4
    Use: Scroll            |       |     8 |     8 |     5 ||    21
         Potion            |       |     1 |     2 |     1 ||     4
 Armour: Robe              |     6 |    35 |    35 |    87 ||   163
  Dodge: Dodged            |     4 |    32 |    34 |    75 ||   145
  Block: Buckler           |       |       |    37 |   100 ||   137
         Other             |       |       |     1 |       ||     1
         Reflection        |       |       |       |    12 ||    12

Table legend: (Time is in decaauts)
 A = Elapsed time spent in this place.
 B = Non-inter-level travel time spent in this place.
 C = Inter-level travel time spent in this place.
 D = Time resting spent in this place.
 E = Time spent auto-exploring this place.
 F = Levels seen in this place.
 G = Mean time per level.
                   A        B        C        D        E       F      G
               +--------+--------+--------+--------+--------+-----+--------+
         Total |  15552 |  15129 |    423 |   4005 |   9055 |  15 | 1036.8 |
       Dungeon |  14742 |  14328 |    414 |   3763 |   8686 |  13 | 1134.0 |
        Temple |     16 |      8 |      8 |      0 |      0 |   1 |   16.0 |
         Sewer |    793 |    793 |      0 |    242 |    369 |   1 |  793.0 |
               +--------+--------+--------+--------+--------+-----+--------+

Top non-repeatable levels by time:
     D:9: 1607 daAuts
     D:5: 1419 daAuts
    D:12: 1392 daAuts
     D:6: 1300 daAuts
     D:2: 1258 daAuts
    D:10: 1187 daAuts
     D:4: 1185 daAuts
     D:8: 1139 daAuts
     D:3: 1074 daAuts
     D:7: 1007 daAuts
    D:11: 983 daAuts
     D:1: 916 daAuts
   Sewer: 793 daAuts
    D:13: 269 daAuts
  Temple: 16 daAuts
